Map: Submarino LE

Players

AIUR - Winner!

  • Race: Protoss Protoss
  • League: Platinum
  • Spawn Location: 11:00

faelzin

  • Race: Terran Terran
  • Spawn Location: 5:00

VOD

Have the link to the VOD?

Description

Time

  • Played on: Aug. 4, 2020, 6:07 p.m.
  • Length: 9:03
Show
View Real Time Build Order
Export as new Build Order

AIUR Protoss - Winner!

Build Orders: 1 Gate Expand, Blink Stalkers 

Get SALT Encoding   

  12  0:03  Probe  
  13  0:15  Probe  
  13  0:19  Pylon  
  14  0:27  Probe  
  15  0:39  Probe (Chrono Boost)  
  16  0:45  Gateway  
  16  0:51  Probe (Chrono Boost)  
  17  1:00  Probe (Chrono Boost)  
  17  1:01  Assimilator  
  18  1:05  Probe  
  20  1:18  Probe  
  20  1:23  Nexus  
  20  1:36  Cybernetics Core  
  20  1:37  Probe  
  21  1:47  Pylon  
  21  2:03  Assimilator  
  21  2:04  Probe  
  22  2:13  Pylon  
  22  2:16  Twilight Council, Probe  
  23  2:28  Stalker  
  23  2:29  Probe (Chrono Boost)  
  26  2:36  Probe (Chrono Boost)  
  28  2:45  Probe (Chrono Boost)  
  28  2:47  Probe (Chrono Boost)  
  28  2:50  Robotics Facility  
  29  2:53  Probe (Chrono Boost)  
  29  2:56  Probe (Chrono Boost)  
  29  2:58  Probe (Chrono Boost)  
  31  3:03  Gateway  
  31  3:05  Probe  
  33  3:11  Probe, Assimilator  
  34  3:17  Probe  
  34  3:19  Blink  
  35  3:23  Probe, Pylon  
  36  3:29  Probe  
  37  3:35  Probe  
  37  3:36  Warp Gate (Chrono Boost)  
  38  3:41  Probe  
  38  3:47  Probe  
  38  3:48  Gateway  
  40  3:53  Probe  
  41  4:00  Gateway  
  41  4:06  Forge, Probe x2  
  43  4:14  Assimilator  
  43  4:17  Pylon  
  43  4:18  Probe x2  
  45  4:31  Gateway  
  45  4:33  Gateway  
  45  4:37  Gateway, Probe x2  
  47  4:40  Observer  
  49  4:58  Photon Cannon  
  48  5:04  Photon Cannon  
  48  5:26  Stalker x3  
  48  5:27  Stalker x2  
  58  5:31  Protoss Ground Weapons Level 1 (Chrono Boost)  
  58  5:37  Gateway x2  
  58  5:40  Gateway  
  58  5:49  Observer  
  58  5:54  Charge (Chrono Boost)  
  58  5:56  Robotics Facility  
  58  5:58  Pylon  
  58  6:01  Stalker x2  
  62  6:10  Pylon  
  62  6:12  Pylon  
  62  6:15  Pylon  
  60  6:32  Stalker x3  
  60  6:33  Stalker  
  64  6:52  Stalker x4  
  64  6:53  Stalker  
  74  6:55  Warp Prism  
  76  7:02  Observer  
  76  7:09  Pylon  
  76  7:10  Stalker x2  
  76  7:11  Stalker x2, Pylon  
  80  8:35  Zealot  
  80  8:36  Zealot x6  
  80  8:37  Zealot x2  
Show
View Real Time Build Order
Export as new Build Order

faelzin Terran 

Build Orders:  

Get SALT Encoding   

  12  0:10  Supply Depot  
  12  0:13  SCV  
  13  0:26  SCV  
  14  0:32  Supply Depot  
  14  0:38  SCV  
  15  0:46  Refinery  
  15  0:50  SCV  
  16  0:57  Barracks  
  16  1:03  SCV  
  17  1:15  SCV  
  18  1:34  SCV  
  19  1:44  Marine  
  19  1:46  Engineering Bay, SCV  
  21  2:00  SCV  
  22  2:02  Marine  
  23  2:12  SCV  
  23  2:13  Supply Depot  
  24  2:20  Marine  
  25  2:33  Refinery  
  25  2:38  Reaper  
  25  2:39  Supply Depot  
  26  2:45  Terran Infantry Weapons Level 1  
  26  3:05  SCV  
  27  3:10  Reaper  
  27  3:12  Missile Turret  
  28  3:32  Barracks  
  28  3:42  Reaper  
  29  4:14  Marine  
  30  4:30  Barracks Tech Lab  
  30  4:32  Marine  
  30  4:38  Sensor Tower  
  31  4:40  Terran Infantry Armor Level 1  
  31  4:43  SCV  
  32  4:50  Marine  
  33  5:07  Marine  
  34  5:23  Factory  
  34  5:25  Marine  
  35  5:34  Marauder  
  37  5:43  Marine  
  38  5:55  Marauder  
  40  6:01  Reaper  
  41  6:17  Marauder  
  40  6:26  Armory  
  36  6:33  Reaper  
  36  6:38  Marauder  
  32  7:00  Marauder  
  34  7:05  Reaper  
  35  7:21  Marauder  
  37  7:30  Supply Depot  
  28  7:42  Marauder  
  22  8:11  SCV  
  15  8:13  Factory Reactor  
  13  8:23  SCV  
Tags
 
Composition
Blink Stalkers
League
Platinum
Matchup
PvT
Spawn Locations
Cross Positions
Add a new tag
Caveats
  • Supply blocks, unpowered buildings, or Contaminate may cause inaccurate times.
  • Supply counts are checked every 10 seconds.